 Dungeon Crawl Stone Soup version 0.23-a0-356-g1757c6e (webtiles) character file.

59197 RoseArtemis the Slinger (level 14, -2/135 HPs)
             Began as a Deep Dwarf Hunter on Oct 21, 2018.
             Was a High Priest of Makhleb.
             Slain by a brown ugly thing (8 damage)
             ... on level 14 of the Dungeon.
             The game lasted 01:38:12 (21704 turns).

RoseArtemis the Slinger (Deep Dwarf Hunter)        Turns: 21704, Time: 01:38:13

Health: -2/135     AC: -3    Str: 17    XL:     14   Next: 52%
Magic:  10/10      EV: 12    Int:  8    God:    Makhleb [*****.]
Gold:   1264       SH:  0    Dex: 17    Spells: 13/13 levels left

rFire    + . .     SeeInvis +   a - +6 hunting sling (velocity)
rCold    . . .     Gourm    +   (no shield)
rNeg     + + +     Faith    .   o - +0 chain mail
rPois    .         Spirit   .   (no helmet)
rElec    .         Reflect  .   k - +2 cloak
rCorr    .         Harm     .   v - +1 pair of gloves
MR       +++++                  Z - +0 pair of boots of Rianiuc {rN+ MR+ Regen+ Stlth-}
Stlth    ..........             G - amulet "Fejak" {Gourm rN+ MR+}
HPRegen  0.00/turn              w - ring of Ynuahuch {rF+ MR++ MP+9 Int-4}
MPRegen  0.12/turn              m - ring of Doubts {rN+ SInv Stlth-}

@: corroded, non-regenerating
A: damage resistance, heal wounds, negative energy resistance 1, sense
surroundings 2, no regeneration
a: Heal Wounds, Minor Destruction, Lesser Servant of Makhleb, Major Destruction,
Greater Servant of Makhleb, Renounce Religion


You were on level 14 of the Dungeon.
You worshipped Makhleb.
Makhleb was extremely pleased with you.
You were completely stuffed.

You visited 3 branches of the dungeon, and saw 21 of its levels.
You also visited: Ice Cave.

You collected 2019 gold pieces.
You spent 755 gold pieces at shops.

Inventory:

Hand Weapons
 a - a +6 hunting sling of velocity (weapon)
 b - a +3 short sword
Missiles
 q - 340 stones (quivered)
Armour
 k - a +2 cloak (worn)
 o - a +0 chain mail (worn)
 v - a +1 pair of gloves (worn)
 O - a +2 pair of boots
 P - a +0 plate armour
 Z - the +0 pair of boots of Rianiuc (worn) {rN+ MR+ Regen+ Stlth-}
   (You found it on level 6 of the Lair of Beasts)

   It protects you from negative energy.
   It affects your resistance to hostile enchantments.
   It increases your rate of regeneration.
   It makes you less stealthy.
Jewellery
 i - an uncursed ring of poison resistance
 m - the ring of Doubts (right hand) {rN+ SInv Stlth-}
   (You found it in an ice cave)

   [ring of attention]

   It protects you from negative energy.
   It lets you see invisible.
   It makes you less stealthy.
 s - the ring "Jopogusi" {rElec rF+}
   (You found it on level 12 of the Dungeon)

   [ring of protection from fire]

   It protects you from fire.
   It insulates you from electricity.
 w - the ring of Ynuahuch (left hand) {rF+ MR++ MP+9 Int-4}
   (You bought it in a shop on level 7 of the Dungeon)

   [ring of magical power]

   It affects your intelligence (-4).
   It protects you from fire.
   It affects your resistance to hostile enchantments.
   It affects your magic capacity (+9).
 y - an uncursed ring of protection from cold
 E - a +2 amulet of reflection
 G - the amulet "Fejak" (around neck) {Gourm rN+ MR+}
   (You found it in an ice cave)

   [amulet of the gourmand]

   It allows you to eat raw meat even when not hungry.
   It protects you from negative energy.
   It affects your resistance to hostile enchantments.
Wands
 e - a wand of paralysis (11)
 r - a wand of iceblast (18)
 A - a wand of acid (11)
 D - a wand of polymorph (11)
 J - a wand of digging (6)
 K - a wand of flame (46)
 W - a wand of disintegration (31)
Scrolls
 c - a scroll of blinking
 d - 3 scrolls of silence
 h - 3 scrolls of amnesia
 l - 3 scrolls of fear
 p - 7 scrolls of remove curse
 t - 7 scrolls of teleportation
 x - a scroll of magic mapping
 M - a scroll of identify
 N - 2 scrolls of fog
 R - a scroll of enchant weapon
Potions
 g - 2 potions of flight
 j - 3 potions of lignification
 n - a potion of mutation {unknown}
 u - a potion of cancellation {unknown}
 z - a potion of ambrosia {unknown}
 B - a potion of magic {unknown}
 C - 5 potions of brilliance {unknown}
 F - 2 potions of might {unknown}
 H - 3 potions of agility
 L - a potion of berserk rage {unknown}
 X - 3 potions of curing
Miscellaneous
 Q - a lightning rod (4/4)
Comestibles
 f - 37 rations
 I - 6 chunks of flesh


   Skills:
 + Level 11.5 Fighting
 - Level 13.0 Slings
   Level 4.8 Bows
 + Level 13.0 Armour
 + Level 8.8 Dodging
 - Level 8.2 Stealth
 * Level 12.3 Invocations
 - Level 5.0 Evocations


You had 13 spell levels left.
You didn't know any spells.
Your spell library contained the following spells:

 Spells                   Type           Power        Failure   Level  Hunger
 Animate Skeleton         Necr           N/A          98%         1    ##.....
 Confusing Touch          Hex            #.....       98%         1    ##.....
 Corona                   Hex            #......      98%         1    ##.....
 Freeze                   Ice            #...         98%         1    ##.....
 Pain                     Necr           #...         98%         1    ##.....
 Sting                    Conj/Pois      #...         98%         1    ##.....
 Ensorcelled Hibernation  Hex/Ice        #.....       99%         2    ###....
 Poisonous Vapours        Pois/Air       #.....       99%         2    ###....
 Throw Frost              Conj/Ice       #.....       99%         2    ###....
 Confuse                  Hex            #.......     100%        3    ####...
 Dazzling Spray           Conj/Hex       #.....       100%        3    ####...
 Gell's Gravitas          Tloc           #.........   100%        3    ####...
 Mephitic Cloud           Conj/Pois/Air  #.......     100%        3    ####...
 Ozocubu's Armour         Chrm/Ice       #.......     100%        3    ####...
 Tukima's Dance           Hex            #.......     100%        3    ####...
 Vampiric Draining        Necr           #.........   100%        3    ####...
 Animate Dead             Necr           N/A          100%        4    #####..
 Olgreb's Toxic Radiance  Pois           #.......     100%        4    #####..
 Petrify                  Tmut/Erth      #.......     100%        4    #####..
 Summon Ice Beast         Ice/Summ       #.......     100%        4    #####..
 Throw Icicle             Conj/Ice       #.......     100%        4    #####..
 Metabolic Englaciation   Hex/Ice        #.........   100%        5    ######.
 Venom Bolt               Conj/Pois      #.........   100%        5    ######.
 Yara's Violent Unravell  Hex/Tmut       #.........   100%        5    ######.
 Regeneration             Chrm/Necr      Unusable     N/A         3    N/A

Dungeon Overview and Level Annotations

Branches:
Dungeon (14/15)            Temple (1/1) D:4            Lair (6/6) D:11
  Swamp (0/4) Lair:4       Spider (0/4) Lair:4        Slime (0/5) Lair:6
    Orc (0/2) D:9          Vaults (0/5) D:13

Altars:
Ashenzari
Cheibriados
Dithmenos
Elyvilon
Fedhas
Gozag
Hepliaklqana
Kikubaaqudgha
Makhleb
Nemelex Xobeh
Okawaru
Qazlal
Ru
Sif Muna
Trog
Uskayaw
Vehumet
Wu Jian
Xom
Yredelemnul
Zin
The Shining One
Beogh

Shops:
D:4 *   D:7 =   D:12 [   D:13 !

Annotations:
D:3 3 runed doors, michailiordanis's ghost, amateur GrFi
Lair:3 3 runed doors, CcS's ghost, journeyman OpTm


Innate Abilities, Weirdness & Mutations

You are resistant to damage.
You can heal yourself by infusing magical energy.
You resist negative energy. (rN+)
You passively map the area around you.
You do not regenerate.


Message History

Firing (i - inventory)
q - 341 stones (quivered)
Aim: an orc warrior, wielding a +0 dire flail, wearing a +0 chain mail and You shoot a stone.
The stone hits the orc warrior but does no damage.
The orc wizard casts a spell at you. The puff of flame hits you! You resist.
* * * LOW HITPOINT WARNING * * *
The orc hits you with a +0 mace. The slime creature hits you!!
* * * LOW HITPOINT WARNING * * *
The orc priest hits you but does no damage.
The brown ugly thing pecks you!
* * * LOW HITPOINT WARNING * * *
The acid corrodes you!
You are splashed with acid!
The acid burns!
* * * LOW HITPOINT WARNING * * *
The orc warrior hits you with a +0 dire flail!
* * * LOW HITPOINT WARNING * * *
The slime creature hits you.
* * * LOW HITPOINT WARNING * * *
The orc wizard closely misses you. The brown ugly thing pecks you!
You die...

#.......##.##,, ,
#....(......# , , *
#......###...( *
#......# #.###
#......###..# ,. ,
##........#..####..
#.......#.#....o...,
#.....(o#.[.#...# ,,,.
#....o@o##....#.#** .#
#....oJu......#.#####.#
#.......###...........
#.......# #...#.#...#
#.......# #.#.#.#..# #
####.#### #u.......####
#. #####........##. #.
##........#.#....
*#...........)###.


You could see a brown ugly thing, a slime creature, an orc warrior, an orc
priest, an orc wizard and an orc.

Vanquished Creatures
  Josephine (Lair:6)
  Fannar (Lair:3)
  A merfolk avatar (Lair:6)
  2 catoblepae
  A hydra (Lair:5)
  4 two-headed ogres
  A death knight (D:14)
  Nergalle (Lair:2)
  Sonja (D:11)
  A fire crab (shapeshifter) (D:13)
  An unseen horror (D:13)
  The ghost of heinrich the Unseen, a novice FeBe of Trog (D:12)
  2 harpies (Lair:6)
  A deep elf mage (D:14)
  An orb spider (Lair:4)
  2 ugly things
  5 elephants (Lair:6)
  Joseph (D:7)
  A torpor snail (Lair:6)
  An ice statue (IceCv)
  5 black mambas
  Psyche (D:11)
  14 spiny frogs
  7 rime drakes
  9 komodo dragons
  An efreet (D:13)
  A redback zombie (D:14)
  3 trolls
  2 wind drakes (Lair:6)
  A polar bear (Lair:3)
  4 bog bodies
  12 slime creatures
  5 blink frogs (Lair:1)
  8 dream sheep (Lair:6)
  4 hippogriffs
  3 shadows (D:12)
  A tarantella (shapeshifter) (D:12)
  41 yaks
  2 wyverns
  A steam dragon (D:11)
  5 wraiths
  3 basilisks
  A golden eye (shapeshifter) (D:11)
  6 vampire mosquitoes (D:12)
  3 hungry ghosts
  3 wargs (D:11)
  2 soldier ants
  An acid dragon (D:14)
  A swamp worm (Lair:4)
  21 water moccasins
  3 porcupines
  7 orc warriors (D:12)
  11 ice beasts
  2 necrophages
  2 black bears
  5 phantoms
  A sky beast (D:13)
  6 wolves (Lair:6)
  7 ogres
  16 crocodiles
  8 centaurs
  4 big kobolds
  13 bullfrogs
  2 wyvern zombies
  A gnoll sergeant (D:9)
  2 scorpions
  10 wights
  An electric eel (Lair:4)
  A howler monkey (D:5)
  2 bullfrog zombies
  7 crimson imps
  2 centaur zombies
  5 jellies
  2 quasits
  4 hounds
  9 orc priests
  6 centaur skeletons
  4 iguanas
  6 hell rats
  11 orc wizards
  4 worker ants
  A killer bee zombie (D:10)
  A hound skeleton (D:4)
  A worker ant zombie (D:10)
  3 gnolls
  A howler monkey skeleton (D:5)
  2 adders
  3 shadow imps
  5 white imps (Lair:3)
  An ooze (D:4)
  An adder zombie (D:7)
  An adder skeleton (D:7)
  3 worms
  5 leopard geckos
  35 orcs
  A bat skeleton (D:2)
  3 giant cockroaches
  5 goblins
  2 jackals (D:5)
  23 kobolds
  A quokka (D:8)
  5 ball pythons
  A ball python skeleton (D:6)
  16 bats
  A frilled lizard (D:1)
  A jackal zombie (D:2)
  2 leopard gecko skeletons
  A quokka skeleton (D:4)
  10 rats
  3 plants (Lair:3)
503 creatures vanquished.

Vanquished Creatures (collateral kills)
  A dire elephant (Lair:6)
  An ice dragon (IceCv)
  A hydra (Lair:4)
  A sea snake (Lair:6)
  A harpy (shapeshifter) (D:13)
  An oklob plant (Lair:6)
  A manticore (Lair:6)
  5 elephants (Lair:6)
  An ice statue (IceCv)
  A rime drake (Lair:4)
  A hippogriff (shapeshifter) (D:13)
  3 hippogriffs
  2 wraiths (Lair:6)
  A wyvern (Lair:6)
  A yak (Lair:1)
  A hungry ghost (D:5)
  A soldier ant (D:8)
  5 water moccasins
  2 porcupines
  An orc warrior (D:7)
  8 ice beasts
  3 ogres
  4 crocodiles (Lair:6)
  A centaur (D:6)
  A scorpion (D:5)
  2 crimson imps
  A quasit (D:7)
  5 hounds
  An iguana (D:7)
  An orc priest (D:7)
  Crazy Yiuf (D:7)
  2 orc wizards
  2 worker ants
  A hound skeleton (D:8)
  A hound zombie (D:4)
  A worker ant zombie (D:6)
  3 adders
  A shadow imp (D:5)
  7 white imps (Lair:3)
  An adder skeleton (D:7)
  2 worms (D:8)
  A leopard gecko (D:6)
  7 orcs
  A bat zombie (D:2)
  A hobgoblin (D:3)
  3 quokkas
  6 bats (D:3)
  A frilled lizard (D:3)
  A giant cockroach zombie (D:6)
  A jackal zombie (D:7)
  A quokka skeleton (D:2)
  A plant (Lair:4)
105 creatures vanquished.

Vanquished Creatures (others)
  An ice dragon (IceCv)
  A hippogriff (D:12)
  A centaur (D:13)
  3 knights
  3 ancestors
  An orc (D:13)
  A bush (Lair:6)
  7 fungi
  21 plants
39 creatures vanquished.

Grand Total: 647 creatures vanquished

Notes
Turn   | Place    | Note
-------+----------+-------------------------------------------
     0 | D:1      | RoseArtemis the Deep Dwarf Hunter began the quest for the
                  | Orb.
     0 | D:1      | Reached XP level 1. HP: 19/19 MP: 1/1
   146 | D:1      | Reached XP level 2. HP: 21/26 MP: 2/2
   967 | D:2      | Found a blossoming altar of Fedhas.
  1016 | D:2      | Reached XP level 3. HP: 26/32 MP: 3/3
  1202 | D:2      | Found a shimmering altar of Xom.
  1203 | D:2      | Found a hazy altar of Hepliaklqana.
  1204 | D:2      | Noticed a spectral ugly thing
  1217 | D:2      | Became a worshipper of Hepliaklqana the Forgotten
  1807 | D:3      | Found a faded altar of an unknown god.
  1862 | D:3      | Reached skill level 5 in Slings
  2129 | D:3      | Reached XP level 4. HP: 34/36 MP: 4/4
  2431 | D:3      | Found a runed gate.
  2432 | D:3      | Found a runed gate.
  2432 | D:3      | Found a runed gate.
  2432 | D:3      | Noticed an ogre
  2434 | D:3      | Found an opulent altar of Gozag.
  2438 | D:3      | Noticed michailiordanis's ghost (amateur GrFi)
  2627 | D:4      | Reached * piety under Hepliaklqana
  2698 | D:4      | Found Jyosk's General Store.
  2701 | D:4      | Bought a potion of heal wounds for 65 gold pieces
  2701 | D:4      | Bought a scroll of identify for 26 gold pieces
  2803 | D:4      | Reached skill level 1 in Armour
  2803 | D:4      | Reached XP level 5. HP: 38/41 MP: 5/5
  2825 | D:4      | Noticed an ogre
  2830 | D:4      | Killed an ogre
  2881 | D:4      | Found a staircase to the Ecumenical Temple.
  2974 | D:4      | Reached XP level 6. HP: 44/50 MP: 6/6
  3057 | D:4      | Found an opulent altar of Gozag.
  3060 | D:4      | Found a basalt altar of Yredelemnul.
  3063 | D:4      | Found an iron altar of Okawaru.
  3270 | D:5      | Entered Level 5 of the Dungeon
  3284 | D:5      | Noticed an ice beast
  3292 | D:5      | Noticed a water moccasin
  3492 | D:5      | Found an iron altar of Okawaru.
  3539 | D:5      | Found a snail-covered altar of Cheibriados.
  3577 | D:5      | Reached XP level 7. HP: 52/55 MP: 7/7
  3795 | D:5      | Reached ** piety under Hepliaklqana
  3796 | D:5      | Remembered your ancestor Salem as a knight
  3820 | D:5      | Reached skill level 5 in Stealth
  3980 | D:5      | Noticed a hungry ghost
  3991 | D:5      | Reached XP level 8. HP: 58/64 MP: 8/8
  4374 | Temple   | Entered the Ecumenical Temple
  4798 | D:6      | Reached skill level 1 in Bows
  4892 | D:6      | Found a sparkling altar of Nemelex Xobeh.
  5352 | D:7      | Noticed a hippogriff
  5710 | D:6      | Reached skill level 5 in Fighting
  5710 | D:6      | Reached skill level 5 in Armour
  5747 | D:6      | Gained mutation: You passively map the area around you.
                  | [Deep Dwarf growth]
  5747 | D:6      | Reached XP level 9. HP: 26/72 MP: 7/7
  5920 | D:7      | Reached *** piety under Hepliaklqana
  6001 | D:7      | Noticed Joseph
  6024 | D:7      | Killed Joseph
  6096 | D:7      | Found Kissiow's Jewellery Emporium.
  6111 | D:7      | Bought a +2 amulet of reflection for 120 gold pieces
  6562 | D:7      | Found a runed door.
  6734 | D:7      | Noticed Crazy Yiuf
  6741 | D:7      | Killed Crazy Yiuf
  6943 | D:8      | Found a white marble altar of Elyvilon.
  7641 | Temple   | Fell from the grace of Hepliaklqana
  7641 | Temple   | Became a worshipper of Makhleb the Destroyer
  7845 | D:9      | Found an opulent altar of Gozag.
  8132 | D:9      | Found a staircase to the Orcish Mines.
  8483 | D:9      | Noticed a troll
  8493 | D:9      | Killed a troll
  8540 | D:10     | Entered Level 10 of the Dungeon
  8546 | D:10     | Reached * piety under Makhleb
  8552 | D:10     | Noticed a two-headed ogre
  9093 | D:10     | Killed a two-headed ogre
  9284 | D:10     | Reached ** piety under Makhleb
  9845 | D:11     | Noticed a troll
  9856 | D:11     | Killed a troll
  9885 | D:11     | Was forgiven by Hepliaklqana
  9889 | D:11     | Found a staircase to the Lair.
  9903 | D:11     | Reached skill level 1 in Invocations
  9929 | D:11     | Reached XP level 10. HP: 64/91 MP: 3/3
 10045 | D:11     | Noticed a two-headed ogre
 10055 | D:11     | Killed a two-headed ogre
 10098 | Lair:1   | Entered Level 1 of the Lair of Beasts
 10343 | Lair:1   | Noticed a black mamba
 10347 | Lair:1   | Killed a black mamba
 10349 | Lair:1   | Noticed a black mamba
 10351 | Lair:1   | Reached skill level 10 in Slings
 10354 | Lair:1   | Killed a black mamba
 10354 | Lair:1   | Reached skill level 5 in Invocations
 10380 | Lair:1   | Reached *** piety under Makhleb
 10380 | Lair:1   | Reached XP level 11. HP: 62/100 MP: 5/7
 10911 | Lair:2   | Noticed Nergalle
 10934 | Lair:2   | Killed Nergalle
 11782 | Lair:3   | Found a shadowy altar of Dithmenos.
 11839 | Lair:3   | Found a frozen archway.
 11906 | IceCv    | Entered an ice cave
 12205 | IceCv    | Noticed an ice dragon
 12205 | IceCv    | Noticed an ice dragon
 12216 | IceCv    | Killed an ice dragon
 12224 | IceCv    | Killed an ice dragon
 12262 | IceCv    | Got an ancient ivory ring
 12264 | IceCv    | Got a scintillating crystal amulet
 12566 | Lair:3   | Noticed Fannar
 12592 | Lair:3   | Killed Fannar
 12688 | Lair:3   | Found a runed gate.
 12689 | Lair:3   | Found a runed gate.
 12690 | Lair:3   | Found a runed gate.
 12766 | Lair:3   | Reached XP level 12. HP: 72/112 MP: 9/9
 13168 | Lair:3   | Noticed CcS's ghost (journeyman OpTm)
 13504 | Lair:1   | Paralysed by fainting for 8 turns
 13514 | Lair:1   | Paralysed by fainting for 7 turns
 14732 | Lair:4   | Found a staircase to the Swamp.
 14820 | Lair:4   | Noticed a seven-headed hydra
 14828 | Lair:4   | Killed a seven-headed hydra
 14828 | Lair:4   | Reached skill level 10 in Armour
 14913 | Lair:4   | Found a hole to the Spider Nest.
 14979 | Lair:4   | Reached **** piety under Makhleb
 15409 | Lair:4   | Identified the ring of Doubts {rN+ SInv Stlth-} (You found
                  | it in an ice cave)
 15568 | Lair:5   | Reached skill level 10 in Invocations
 15726 | Lair:5   | Reached skill level 1 in Evocations
 15797 | Lair:5   | Noticed a four-headed hydra
 15810 | Lair:5   | Killed a four-headed hydra
 16407 | Lair:6   | Entered Level 6 of the Lair of Beasts
 16497 | Lair:6   | Reached XP level 13. HP: 99/122 MP: 5/5
 16558 | Lair:6   | Noticed Josephine
 16571 | Lair:6   | Killed Josephine
 16613 | Lair:6   | Got a pair of distressingly furry boots
 16624 | Lair:6   | Identified the cursed +0 pair of boots of Rianiuc {rN+ MR+
                  | Regen+ Stlth-} (You found it on level 6 of the Lair of
                  | Beasts)
 16688 | Lair:6   | Reached skill level 5 in Evocations
 16788 | Lair:6   | Identified the amulet "Fejak" {Gourm rN+ MR+} (You found it
                  | in an ice cave)
 16868 | Lair:6   | Found a staircase to the Slime Pits.
 16894 | Lair:6   | Reached skill level 10 in Fighting
 16938 | Lair:6   | Reached skill level 5 in Dodging
 17122 | Lair:6   | Noticed a dire elephant
 17142 | Lair:6   | Killed a dire elephant
 17220 | Lair:6   | Found the +9 sword of Zonguldrok {reap}
 18312 | D:11     | Reached ***** piety under Makhleb
 18346 | D:11     | Noticed Psyche
 18351 | D:11     | Killed Psyche
 18784 | D:11     | Noticed Sonja
 18805 | D:11     | Killed Sonja
 19001 | D:12     | Found a roughly hewn altar of Beogh.
 19018 | D:12     | Gained mutation: You resist negative energy. (rN+) [Deep
                  | Dwarf growth]
 19018 | D:12     | Reached XP level 14. HP: 123/135 MP: 5/5
 19349 | D:12     | Found a stormy altar of Qazlal.
 19367 | D:12     | Found a sparkling altar of Nemelex Xobeh.
 19384 | D:12     | Found a runed gate.
 19386 | D:12     | Found a runed gate.
 19387 | D:12     | Found a runed gate.
 19389 | D:12     | Noticed heinrich's ghost (novice FeBe)
 19451 | D:12     | Killed heinrich's ghost
 19533 | D:12     | Got a flickering ivory ring
 19535 | D:12     | Identified the ring "Jopogusi" {rElec rF+} (You found it on
                  | level 12 of the Dungeon)
 19746 | D:12     | Found Pits's Antique Armour Boutique.
 19932 | D:7      | Bought the ring of Ynuahuch {rF+ MR++ MP+9 Int-4} for 544
                  | gold pieces
 20032 | D:13     | Found Fekecats's Distillery.
 20506 | D:13     | Found a gate to the Vaults.
 21704 | D:14     | HP: 6/135 [slime creature (4)]
 21704 | D:14     | Slain by a brown ugly thing

Vault maps used:
D:1:      kennysheep_arrival_forest, interstate_on_off,
          minmay_misc_feat_columns, serial_bayou_pond_b
D:2:      regret_index_temple_of_mockery, lemuel_coloured_pillars_altar,
          serial_undead, serial_undead_a, serial_undead_c, serial_undead_b,
          serial_undead_c
D:3:      ebering_ghost_gozag, chequers_ecumenical_altar_lobes, first_ration,
          minmay_misc_feat_iff, minmay_misc_feat_doors, roderic_batcave,
          st_stairs_10
D:4:      grunt_temple_overflow_diamond, serial_shops, kennysheep_mini_moat,
          kennysheep_generic_room_12
D:5:      old_standard_altar, basic_altar
D:6:      kennysheep_mini, kennysheep_big_empty_room, grunt_tough_drop
D:7:      serial_shops, shop, uniq_crazy_yiuf_cottage, uniq_joseph
D:8:      elyvilon_altar_3, serial_glass, glass_columns_c, glass_columns_a,
          glass_columns_a, glass_columns_b, glass_columns_b, glass_columns_a,
          glass_columns_c, glass_columns_a, glass_columns_a, glass_columns_b,
          glass_columns_b, glass_columns_c, glass_columns_c, glass_columns_b,
          due_unseen_surprise, feat_on_display, item_on_display_a,
          minmay_strange_pillars, hangedman_pestilent_swarm
D:9:      orc_0_dummy, basic_altar, hangedman_minor_gate_pass
D:11:     erik_lair_orcish_takeover, uniq_psyche, uniq_sonja
D:12:     serial_shops, shop_statue, basic_altar, gammafunk_ghost_spectres,
          grunt_qazlal_clouds
D:13:     david_vaults_2, serial_shops, kennysheep_little_box
D:14:     hangedman_decor_riveting
Temple:   nicolae_temple_figure_eight
Lair:2:   serial_bayou_shore_a, uniq_nergalle
Lair:3:   gammafunk_ghost_necromancy, basic_altar, portal_ice_cave_entry_imps,
          lemuel_fruit_fields, infiniplex_staircase_pool_2,
          serial_bayou_shore_b, uniq_fannar
Lair:4:   nicolae_swamp_entry_splash_gauntlet,
          nicolae_spider_entry_orb_guardian, serial_bayou_crossing
Lair:5:   minivault_23, minivault_27, infiniplex_staircase_pool
Lair:6:   gammafunk_lair_ancient_temple, slime_dummy, grunt_megastairs_1,
          uniq_josephine
IceCv:    ice_cave_small_dragons

Skill      XL: |  1  2  3  4  5  6  7  8  9 10 11 12 13 14 |
---------------+-------------------------------------------+-----
Fighting       | 2 3 4 5 6 7 8 9 11 | 11.5
Stealth        | 2 3 4 5 6 8 |  8.2
Slings         | 5 6 7 8 10 12 13 | 13.0
Dodging        | 3 7 8 |  8.8
Armour         | 1 2 3 5 6 8 9 10 12 13 | 13.0
Bows           | 3 4 |  4.8
Invocations    | 1 5 8 10 12 | 12.3
Evocations     | 4 5 |  5.0

Action                   |  1- 3 |  4- 6 |  7- 9 | 10-12 | 13-15 || total
-------------------------+-------+-------+-------+-------+-------++-------
Melee: Short sword       |       |       |    18 |   222 |     4 ||   244
 Fire: Hunting sling     |   121 |   105 |   541 |  1125 |  1215 ||  3107
       Shortbow          |       |       |   145 |       |       ||   145
Throw: Throwing net      |       |       |     5 |       |       ||     5
Invok: Recall Ancestor   |     1 |     1 |       |       |       ||     2
       Ancestor Identity |     1 |       |       |       |       ||     1
       Ancestor Life: Kn |       |       |     1 |       |       ||     1
       Lesser Servant of |       |       |       |    14 |     6 ||    20
       Minor Destruction |       |       |       |     3 |       ||     3
       Major Destruction |       |       |       |       |     1 ||     1
 Abil: Heal Wounds       |     1 |     1 |    14 |    36 |    26 ||    78
Evoke: Wand              |       |       |     7 |    13 |       ||    20
  Use: Scroll            |     4 |     8 |     6 |    13 |     5 ||    36
       Potion            |       |       |     3 |     3 |       ||     6
 Stab: Distracted        |       |       |     1 |       |       ||     1
  Eat: Chunk             |     3 |     5 |    12 |    16 |    45 ||    81
       Ration            |       |       |     4 |     1 |       ||     5
Armor: Chain mail        |    26 |    25 |   187 |   368 |   306 ||   912
       Leather armour    |     8 |       |       |       |       ||     8
Dodge: Dodged            |    35 |    10 |   140 |   237 |   298 ||   720
Block: Other             |       |       |    16 |    44 |     1 ||    61
       Reflection        |       |       |       |     1 |       ||     1

Table legend:
 A = Non-vault XP
 B = Vault XP
 C = Vault XP percentage of total XP
 D = Non-vault monster count
 E = Vault monster count
 F = Vault count percentage of total count
                 A         B        C        D         E       F
            +---------+---------+-------+---------+---------+-------
      Total |   55110 |   29458 |  34.8 |     448 |     158 |  26.1
            +---------+---------+-------+---------+---------+-------
        D:1 |      35 |       2 |   5.4 |      25 |       1 |   3.8
        D:2 |      23 |       7 |  23.3 |       5 |       5 |  50.0
        D:3 |      46 |      16 |  25.8 |      21 |      10 |  32.3
        D:4 |     382 |      18 |   4.5 |      10 |       1 |   9.1
        D:5 |    1112 |       0 |   0.0 |      18 |       0 |   0.0
        D:6 |     843 |      32 |   3.7 |      17 |       1 |   5.6
        D:7 |    1088 |     518 |  32.3 |      27 |       2 |   6.9
        D:8 |     591 |     324 |  35.4 |      12 |       4 |  25.0
        D:9 |       0 |       0 |   N/A |      21 |       4 |  16.0
       D:10 |       0 |       0 |   N/A |      34 |       0 |   0.0
       D:11 |    4080 |    1900 |  31.8 |      30 |      11 |  26.8
       D:12 |    3555 |    3579 |  50.2 |      24 |      33 |  57.9
       D:13 |    7849 |     539 |   6.4 |      48 |       2 |   4.0
       D:14 |    4943 |       0 |   0.0 |      16 |       0 |   0.0
     Lair:1 |    3874 |       0 |   0.0 |      17 |       0 |   0.0
     Lair:2 |    2454 |     839 |  25.5 |      14 |       1 |   6.7
     Lair:3 |    4202 |    1332 |  24.1 |      23 |      14 |  37.8
     Lair:4 |    5011 |    1530 |  23.4 |      26 |       6 |  18.8
     Lair:5 |    5179 |       0 |   0.0 |      17 |       0 |   0.0
     Lair:6 |    9843 |   14824 |  60.1 |      43 |      43 |  50.0
      IceCv |       0 |    3998 | 100.0 |       0 |      20 | 100.0
            +---------+---------+-------+---------+---------+-------
